 Dungeon Crawl Stone Soup version 0.30.2 (webtiles) character file.

Game seed: 13061004343139899216

300 porpoise the Chopper (level 6, -1/54 (56) HPs)
             Began as a Hill Orc Fighter on Feb 24, 2024.
             Was an Initiate of Qazlal.
             Killed from afar by an acid dragon (28 damage)
             ... with a splash of acid
             ... on level 4 of the Dungeon.
             The game lasted 00:07:33 (3223 turns).

porpoise the Chopper (Hill Orc Fighter)             Turns: 3223, Time: 00:07:34

HP:   -1/54 (56)    AC:  2    Str: 21    XL:     6   Next: 36%
MP:   7/7           EV: 10    Int:  8    God:    Qazlal [......]
Gold: 98            SH:  8    Dex: 10    Spells: 5/5 levels left

rFire   . . .        a - +0 war axe
rCold   . . .        c - +0 buckler
rNeg    . . .        j - +1 ring mail {Will+}
rPois   .            (no helmet)
rElec   .            (no cloak)
rCorr   .            (no gloves)
SInv    .            (no boots)
Will    ++...        (no amulet) Stlth
                     (no ring)
HPRegen 0.29/turn    (no ring)
MPRegen 0.10/turn

%: no passive effects
@: corroded, lightly drained
A: large bone plates 1, strong-willed 1
a: Renounce Religion


You were on level 4 of the Dungeon.
You worshipped Qazlal.
Qazlal was noncommittal.
You visited 1 branch of the dungeon, and saw 4 of its levels.

You collected 98 gold pieces.

Inventory:

Hand Weapons
 a - a +0 war axe (weapon)
 m - a +5 club
Missiles
 r - 3 poisoned darts (quivered)
Armour
 c - a +0 buckler (worn)
 j - a +1 ring mail of willpower (worn)
Jewellery
 g - a ring of magical power
 k - an amulet of the acrobat
 o - a ring of fire
 u - an amulet of guardian spirit
Wands
 f - a wand of roots (5)
 n - a wand of paralysis (8)
Scrolls
 b - a scroll of silence {unknown}
 e - a scroll of vulnerability {unknown}
 h - a scroll of immolation {unknown}
 i - a scroll of noise {unknown}
 q - a scroll of enchant armour {unknown}
 t - 4 scrolls of amnesia {unknown}
 x - a scroll of enchant weapon {unknown}
 y - a scroll of fog {unknown}
Potions
 d - 2 potions of might
 l - a potion of brilliance
 p - a potion of ambrosia
 s - a potion of flight
 v - a potion of invisibility {unknown}
 w - a potion of heal wounds {unknown}
 z - 2 potions of attraction {unknown}


   Skills:
 + Level 5.2 Fighting
 * Level 6.3 Axes
 - Level 3.2 Armour
 - Level 4.2 Shields
 + Level 2.1 Invocations


You had 5 spell levels left.
You didn't know any spells.
Your spell library contained the following spells:

 Spells                   Type           Power      Damage    Failure   Level
 Vhi's Electric Charge    Tloc/Air       0%         N/A       95%         3
 Arcjolt                  Conj/Air       0%         1d10      100%        5
 Plasma Beam              Fire/Air       0%         2x1d11    100%        6


Dungeon Overview and Level Annotations

Branches:
Dungeon (4/15)
 Temple: D:4-7

Altars:
Qazlal
Vehumet

Shops:
D:2 ([


Innate Abilities, Weirdness & Mutations

You are partially covered in large bone plates. (SH +4)
You are strong-willed. (Will+)


Message History

HP restored.
Things that are here:
a +0 short sword; an orc corpse
t - 4 scrolls labelled CER NAFISO YJU (gained 3)
Things that are here:
a +0 short sword; an orc corpse You open the door.
There is an open door here.
There is an open door here.
A hobgoblin comes into view.
The hobgoblin shouts!
You slash the hobgoblin!
You kill the hobgoblin!
Qazlal accepts your kill.
No target in view!
You see here a hobgoblin corpse.
An acid dragon comes into view.
The acid dragon roars!
The acid dragon spits acid at you. The splash of acid hits you!
The acid corrodes you!
You hit the acid dragon but do no damage.
The acid dragon bites you but does no damage.
The acid dragon claws you.
You hit the acid dragon but do no damage.
The acid dragon bites you. The acid dragon barely misses you.
The acid dragon closely misses you. x2
You hit the acid dragon but do no damage.
The acid dragon bites you. The acid dragon claws you.
You hit the acid dragon but do no damage.
The acid dragon spits acid at you. The splash of acid misses you.
You hit the acid dragon but do no damage.
The acid dragon bites you! You block the acid dragon's attack.
You barely miss the acid dragon. The acid dragon barely misses you.
The acid dragon claws you.
You closely miss the acid dragon. The acid dragon spits acid at you.
The splash of acid hits you!!
Ouch! That really hurt!
You die...

##### #...# #.<.#
##### #...#
##...## #...#
##.....##
#####...###
#.......#########
#.....⌠....
#.......##...D@.#
#.##.....##
#.......#######.##
#..##...###
##.....## #.^#
##..##.###.
##.....## ##.#
##.##+#...
#.......# #.#
####....####
#......<#
#.###.....###
#.......#
#..##.#####
##.....####
##....# ####
##......>.###
#..### ####...


You could see an acid dragon (catching breath).

Vanquished Creatures
  A scorpion (D:4)
  A jelly (D:4)
  Jessica (D:2)
  Natasha (twice) (D:3)
  A gnoll (D:1)
  6 adders
  A worm (D:2)
  2 dart slugs (D:1)
  2 orcs (D:4)
  6 endoplasms
  3 giant cockroaches (D:1)
  4 goblins
  4 hobgoblins
  2 jackals (D:2)
  5 kobolds
  6 quokkas
  6 ball pythons
  7 bats
  4 frilled lizards
  4 rats
68 creatures vanquished.

Notes
Turn   | Place    | Note
-------+----------+-------------------------------------------
     0 | D:1      | porpoise the Hill Orc Fighter began the quest for the Orb.
     0 | D:1      | Reached XP level 1. HP: 19/19 MP: 1/1
    55 | D:1      | Reached skill level 3 in Axes
   149 | D:1      | Reached XP level 2. HP: 27/27 MP: 2/2
   385 | D:1      | Reached XP level 3. HP: 31/33 MP: 3/3
   484 | D:1      | Reached skill level 4 in Axes
   832 | D:2      | Gained mutation: You are strong-willed. (Will+) [potion of
                  | mutation]
   832 | D:2      | Gained mutation: You are partially covered in large bone
                  | plates. (SH +4) [potion of mutation]
   854 | D:2      | Found Sedastruo's Antique Armour Emporium.
   941 | D:2      | Noticed Jessica
   954 | D:2      | Killed Jessica
   955 | D:2      | Reached XP level 4. HP: 6/40 MP: 4/4
  1439 | D:2      | Found Byipsyan's Weapon Emporium.
  1693 | D:2      | Found a faded altar of an unknown god.
  1926 | D:3      | Noticed Natasha
  1932 | D:3      | Killed Natasha
  1933 | D:3      | Reached skill level 5 in Axes
  1933 | D:3      | Reached XP level 5. HP: 44/47 MP: 5/5
  1988 | D:3      | Found a stormy altar of Qazlal.
  1996 | D:3      | Became a worshipper of Qazlal Stormbringer
  2087 | D:3      | Noticed Natasha
  2096 | D:3      | Killed Natasha
  2369 | D:4      | Reached skill level 1 in Invocations
  2593 | D:4      | Reached skill level 5 in Fighting
  2593 | D:4      | Reached XP level 6. HP: 45/56 MP: 5/7
  2764 | D:4      | Reached skill level 6 in Axes
  2847 | D:4      | Found a radiant altar of Vehumet.
  3215 | D:4      | Noticed an acid dragon
  3223 | D:4      | Killed from afar by an acid dragon

Illustrated notes

Levels and vault maps discovered:
D:1:      roderic_octagonal_star, layout_basic
D:2:      layout_loops_ring, ebering_ecumenical_altar_petrified, serial_shops,
          nicolae_shop_rolling_square, shop_fountains, uniq_jessica
D:3:      layout_basic, grunt_qazlal_clouds, uniq_natasha
D:4:      layout_rooms, nicolae_vehumet_altar_sigil, grunt_ministairs_14

Skill      XL: |  1  2  3  4  5  6 |
---------------+-------------------+-----
Axes           | 3 4 5 6 |  6.3
Fighting       | 4 5 |  5.2
Shields        | 4 |  4.2
Invocations    | 1 2 |  2.1
Armour         | |  3.2

Action                     |  1- 3 |  4- 6 || total
---------------------------+-------+-------++-------
  Melee: War axe           |    62 |   139 ||   201
    Use: Scroll            |     3 |     2 ||     5
         Potion            |     1 |       ||     1
 Armour: Scale mail        |    22 |       ||    22
         Ring mail         |    12 |    39 ||    51
  Dodge: Dodged            |    38 |    51 ||    89
  Block: Buckler           |    18 |    45 ||    63
